AoeStats
← 意大利狙神

Black Forest

504778390Analyzed
2v2 RM · 26d ago on Sep 6, 2026· 19m 6s· 4 players
Game mode
Random Map
Map size
Medium (4 player)
Population
200
Speed
Normal
Resources
Standard
Victory
Conquest
Starting age
Dark Age
Ending age
Imperial Age
RankedLock teamsTeams togetherTeam positionsShared explorationLock speedFull tech treeHidden civsTurbo modeCheats
Victory
Defeat
🇨🇳 Cumans · China
1030
+15
🇨🇳 Chinese · China
1030
+15
🇸🇪 Spanish · Sweden
1021
-15
🇫🇷 Portuguese · France
1018
-15
King Benou
0:44 Loom
11:59 Feudal Age
14:11 Horse Collar
14:19 Double-Bit Axe
15:24 Wheelbarrow
16:11 Man-at-Arms
Smet
1:11 Loom
12:44 Feudal Age
14:04 Double-Bit Axe
17:58 Fishing Lines
意大利狙神
10:58 Feudal Age
蒜苔恶魔
11:10 Feudal Age
11:41 Horse Collar
11:51 Double-Bit Axe
Connection lost

Rejoining the realm…

Still unreachable

The connection could not be restored.

Session expired

The server has moved on; the page needs a fresh start.